 Dungeon Crawl Stone Soup version 0.27.1-3-gb3d3a73c9e (webtiles) character file.

Game seed: 2371922172908080297

2 Descartes the Scratcher (level 1, 0/9 HPs)
             Began as a Felid Transmuter on Oct 6, 2021.
             Slain by a kobold (5 damage)
             ... on level 1 of the Dungeon.
             The game lasted 00:00:11 (92 turns).

Descartes the Scratcher (Felid Transmuter)            Turns: 92, Time: 00:00:11

Health: 0/9        AC:  1    Str:  6    XL:     1   Next: 33%
Magic:  4/4        EV: 17    Int: 14    God:
Gold:   0          SH:  0    Dex: 16    Spells: 3/4 levels left
                                        Lives:  0   Deaths: 0

rFire    . . .     SeeInvis +     - Unarmed
rCold    . . .     Faith    .   (shield unavailable)
rNeg     . . .     Spirit   .   (armour unavailable)
rPois    .         Reflect  .   (helmet unavailable)
rElec    .         Harm     .   (cloak unavailable)
rCorr    .         Rampage  .   (gloves unavailable)
Will     .....                  (boots unavailable)
Stlth    +.........             (no amulet)
HPRegen  0.03/turn              (no ring)
MPRegen  0.09/turn              (no ring)

@: quick
A: very small, claws 1, fangs 3, see invisible, speed 1, shaggy fur 1, stealthy
paws, no weapons or thrown items, no armour, multi-lived
a: no special abilities


You were on level 1 of the Dungeon.
You visited 1 branch of the dungeon, and saw 1 of its levels.

Inventory:

Scrolls
 a - a scroll of brand weapon {unknown}


   Skills:
 + Level 1.0 Fighting
 + Level 2.7 Dodging
 + Level 3.1 Unarmed Combat
 + Level 2.0 Spellcasting
 + Level 2.2 Transmutations


You had 3 spell levels left.
You knew the following spells:

 Your Spells              Type           Power      Damage    Failure   Level
a - Beastly Appendage     Tmut           14%        N/A       10%         1

Your spell library contained the following spells:

 Spells                   Type           Power      Damage    Failure   Level
 Wereblood                Tmut           7%         N/A       14%         2
 Spider Form              Tmut/Pois      2%         N/A       41%         3
 Ice Form                 Ice/Tmut       4%         N/A       83%         4


Dungeon Overview and Level Annotations

Branches:
Dungeon (1/15)

Altars:


Innate Abilities, Weirdness & Mutations

You have sharp claws.
You have razor-sharp teeth.
You have supernaturally acute eyesight. (SInv)
You cover ground quickly. (Speed+)
You are covered in fur. (AC +1)
Your paws help you pounce on unaware monsters.
You are incapable of wielding weapons or throwing items.
You cannot wear armour.
You gain extra lives every three experience levels.


Message History

You add the spells Beastly Appendage, Wereblood, Spider Form and Ice Form to your library.
Welcome, Descartes the Felid Transmuter.
It is said that the Orb of Zot exists deep within this dungeon.
Press ? for a list of commands and other information.
Found two staircases leading out of the dungeon.
You open the door.
There is an open door here.
Found a stone staircase leading down.
You open the door.
There is an open door here.
You open the door.
Found a scroll labelled AGUHES DIGROLUOV.
There is an open door here.
a - a scroll labelled AGUHES DIGROLUOV A dart slug comes into view.
A dart slug is nearby!
A kobold comes into view. It is wielding a +0 club.
You scratch the dart slug.
The dart slug is heavily wounded.
The dart slug misses you.
You scratch the dart slug.
The dart slug is almost dead.
The dart slug closely misses you.
You scratch the dart slug but do no damage.
The dart slug is almost dead.
You scratch the dart slug.
The dart slug is almost dead.
The dart slug closely misses you.
You claw the dart slug!
You kill the dart slug!
You closely miss the kobold. Your bite misses the kobold.
The kobold hits you with a +0 club.
You scratch the kobold. Your bite misses the kobold.
The kobold is moderately wounded.
The kobold hits you with a +0 club.
Ouch! That really hurt!
You die...

..#≈..♣♣ ..#≈...♣♣#.#
###.# ..#≈≈...♣#.#
..#.# ..#≈≈...♣#.#
#K#.# ..#≈≈≈...#.#
#.#.# ..#≈≈≈≈..#.#
#.#.# ..#≈PP≈..#.#
#.#.# ..#≈PP≈≈.#.#
#.#.####.#
..#≈≈PP≈.#.###.K@.....#
..#.≈≈P≈P'.....#.######
..#<.≈P≈.#####.#.#
..'..≈≈≈.# ..#.#
..#...≈≈≈# ####..
..#♣.<.≈≈# ###
..#♣....≈# #.#♣P...≈#
..#♣♣...≈#


You could see a kobold.

Vanquished Creatures
  A dart slug (D:1)
1 creature vanquished.

Notes
Turn   | Place    | Note
-------+----------+-------------------------------------------
     0 | D:1      | Descartes the Felid Transmuter began the quest for the Orb.
     0 | D:1      | Reached XP level 1. HP: 9/9 MP: 4/4
    92 | D:1      | Slain by a kobold

Illustrated notes

Levels and vault maps discovered:
D:1:      tarquinn_simple_flora_water_c, layout_basic

Action                   || total
-------------------------++-------
Melee: Unarmed           ||     7
Dodge: Dodged            ||     3
